 Dungeon Crawl Stone Soup version 0.25-a0-178-gc9f82b1288 (webtiles) character file.

Game seed: 13047905983129915733, levelgen mode: deterministic

99 tilp the Gusty (level 4, -2/24 HPs)
             Began as a Tengu Air Elementalist on Nov 26, 2019.
             Hit by a boomerang thrown by an orc (3 damage)
             ... on level 3 of the Dungeon.
             The game lasted 00:05:38 (2216 turns).

tilp the Gusty (Tengu Air Elementalist)             Turns: 2216, Time: 00:05:39

Health: -2/24      AC:  2    Str:  8    XL:     4   Next: 72%
Magic:  0/8        EV: 12    Int: 17    God:
Gold:   107        SH:  0    Dex: 14    Spells: 2/8 levels left

rFire    . . .     SeeInvis .   a - +2 short sword (flame)
rCold    . . .     Gourm    .   (no shield)
rNeg     . . .     Faith    .   h - +0 robe
rPois    .         Spirit   .   (helmet restricted)
rElec    .         Reflect  .   (no cloak)
rCorr    .         Harm     .   (no gloves)
MR       .....                  (boots unavailable)
Stlth    ++........             (no amulet)
HPRegen  0.08/turn              (no ring)
MPRegen  0.11/turn              (no ring)

@: no status effects
A: beak, talons 3
a: no special abilities


You were on level 3 of the Dungeon.
You were hungry.

You visited 1 branch of the dungeon, and saw 3 of its levels.

You collected 107 gold pieces.

Inventory:

Hand Weapons
 a - a +2 short sword of flaming (weapon)
Missiles
 b - 68 stones (quivered)
 e - 37 arrows
 p - 4 boomerangs
Armour
 h - a +0 robe (worn)
Jewellery
 g - a +5 ring of strength {unknown}
 i - a cursed ring of attention {unknown}
Scrolls
 j - a scroll of random uselessness {unknown}
 k - a scroll of immolation {unknown}
 n - a scroll of fog {unknown}
 o - a scroll of teleportation {unknown}
 q - a scroll of enchant weapon {unknown}
Potions
 d - a potion of flight
 l - a potion of magic
Comestibles
 c - 4 rations
 f - 4 chunks of flesh


   Skills:
 - Level 2.1 Dodging
 - Level 2.0 Stealth
 + Level 2.5 Spellcasting
 - Level 4.0 Conjurations
 + Level 1.2 Charms
 + Level 4.6 Air Magic


You had 2 spell levels left.
You knew the following spells:

 Your Spells              Type           Power        Failure   Level  Hunger
a - Shock                 Conj/Air       ###.         3%          1    #......
b - Swiftness             Chrm/Air       ##......     9%          2    ##.....
c - Static Discharge      Conj/Air       ###.....     9%          3    ###....

Your spell library contained the following spells:

 Spells                   Type           Power        Failure   Level  Hunger
 Airstrike                Air            ###.......   26%         4    #####..
 Lightning Bolt           Conj/Air       ###.......   63%         5    ######.


Dungeon Overview and Level Annotations

Branches:
Dungeon (3/15)

Altars:
Cheibriados
Elyvilon
Trog
Yredelemnul

Annotations:
D:3 1 transporter


Innate Abilities, Weirdness & Mutations

You have a beak for a mouth.
You have claws for feet.


Message History

Unknown command.
Casting: Shock (safe; 3% risk of failure)
Confirm with . or Enter, or press ? or * to list all spells.
Aiming: Shock (safe; 3% risk of failure)
Press: ? - help, Shift-Dir - straight line, f/p - orc
Aim: an orc, wielding a +0 short sword and wearing a +0 ring mail (moderately wounded)
The zap hits the orc.
The orc is heavily wounded.
Throwing (i - inventory. (/) - cycle)
b - 68 stones (quivered)
Press: ? - help, Shift-Dir - straight line, f/p - orc
Aim: an orc, wielding a +0 short sword and wearing a +0 ring mail (heavily wounded)
Okay, then.
Unknown command.
Fire/throw which item? (* to show all) (? for menu, Esc to quit)
Throwing (i - inventory. (/) - cycle)
b - 68 stones (quivered)
Press: ? - help, Shift-Dir - straight line, f/p - orc
Aim: an orc, wielding a +0 short sword and wearing a +0 ring mail (heavily wounded)
You throw a boomerang. The boomerang barely misses the orc.
The orc throws a boomerang.
The boomerang hits you.
You die...

.#.# # ..#....5#............
#.#.. ..###=..##.##.#.##.......
.#.#.# ..$!$....#..#.>#.......
#.#...## #####..##.###.#.......
#!#.$o.####.©.####..###.#.......
#.#.#....o........#............
#.#.#.#.#...#...##.........###
#)#.#.#.#.##)..##.........#
#)#.#.#.#.#@..##....^....#
#.#.#.#.#.#....o..........#
#.#.#.#.#.#.#...##.........#
#.#.#.#.#.#.##...#######.####
#.#.#.#.#.#.#.#...#######.#
##.#.#####................. #.#.
######...#######. # #
................
################


You could see an orc.

Vanquished Creatures
  An orc wizard (D:3)
  An ooze (D:1)
  A worm (D:2)
  A dart slug (D:2)
  2 leopard geckos (D:2)
  2 orcs (D:3)
  A ball python (D:2)
  4 bats
  4 giant cockroaches
  4 goblins
  6 hobgoblins
  14 kobolds
  4 frilled lizards
  11 rats
56 creatures vanquished.

Notes
Turn   | Place    | Note
-------+----------+-------------------------------------------
     0 | D:1      | tilp the Tengu Air Elementalist began the quest for the
                  | Orb.
     0 | D:1      | Reached XP level 1. HP: 10/10 MP: 4/4
   308 | D:1      | Reached XP level 2. HP: 15/15 MP: 0/6
   658 | D:1      | Learned a level 2 spell: Swiftness
   742 | D:1      | Reached XP level 3. HP: 19/19 MP: 5/7
   749 | D:1      | Learned a level 3 spell: Static Discharge
  1577 | D:2      | Found a white marble altar of Elyvilon.
  1742 | D:2      | Found a basalt altar of Yredelemnul.
  1856 | D:2      | Reached XP level 4. HP: 24/24 MP: 0/8
  1988 | D:2      | Found a bloodstained altar of Trog.
  2020 | D:2      | Found a snail-covered altar of Cheibriados.
  2161 | D:3      | Found a transporter.
  2210 | D:3      | HP: 1/24 [orc/boomerang (4)]
  2212 | D:3      | Reached skill level 1 in Charms
  2216 | D:3      | Hit by a boomerang thrown by an orc

Levels and vault maps discovered:
D:1:      lightli_arrival_quake, layout_loops_corners
D:2:      layout_loops_ring, kennysheep_ying_yang, lightli_temple_of_fire,
          kennysheep_slug_shrine
D:3:      layout_basic, gammafunk_ghost_stat_death, first_ration

Skill      XL: |  1  2  3  4 |
---------------+-------------+-----
Conjurations   | 3 4 |  4.0
Charms         | 1 |  1.2
Dodging        | |  2.1
Stealth        | |  2.0
Spellcasting   | |  2.5
Air Magic      | |  4.6

Action                   |  1- 3 |  4- 6 || total
-------------------------+-------+-------++-------
Throw: Stone             |     1 |       ||     1
       Boomerang         |       |     1 ||     1
 Cast: Shock             |    82 |    19 ||   101
  Use: Scroll            |       |     2 ||     2
  Eat: Chunk             |     4 |     1 ||     5
Dodge: Dodged            |     1 |     5 ||     6

Table legend:
 A = Non-vault XP
 B = Vault XP
 C = Vault XP percentage of total XP
 D = Non-vault monster count
 E = Vault monster count
 F = Vault count percentage of total count
                 A         B        C        D         E       F
            +---------+---------+-------+---------+---------+-------
      Total |     138 |       4 |   2.8 |      55 |       1 |   1.8
            +---------+---------+-------+---------+---------+-------
        D:1 |      44 |       0 |   0.0 |      26 |       0 |   0.0
        D:2 |      43 |       4 |   8.5 |      24 |       1 |   4.0
        D:3 |      51 |       0 |   0.0 |       5 |       0 |   0.0
            +---------+---------+-------+---------+---------+-------
